 Dungeon Sprint DCSS version 0.30-a0-867-g305f33218d (webtiles) character file.

Game seed: 9216275804389809093

725 BigDaddyOpFi the Umbral (level 7, -2/90 HPs)
             Began as a Demonspawn Fighter on Mar 10, 2023.
             Was an Elder of Dithmenos.
             Slain by a gargoyle
             ... wielding a +0 flail
              (10 damage)
             ... in the Dungeon (Sprint VII: "The Pits").
             The game lasted 00:01:52 (1091 turns).

BigDaddyOpFi the Umbral (Demonspawn Fighter)        Turns: 1091, Time: 00:01:52

Health: -2/90      AC: 15    Str: 18    XL:     7   Next: 43%
Magic:  13/16      EV:  5    Int:  9    God:    Dithmenos [****..]
Gold:   0          SH:  5    Dex: 13    Spells: 6/6 levels left

rFire   . . .      SeeInvis .    a - +0 war axe
rCold   . . .      Faith    .    c - +0 buckler
rNeg    . . .      Spirit   .    d - +2 plate armour
rPois   .          Reflect  .    (no helmet)
rElec   .          Rampage  .    (no cloak)
rCorr   .          NoTele   +    (no gloves)
Will    .....                    (no boots) Stlth
                                 (no amulet)
HPRegen 0.35/turn                (no ring)
MPRegen 0.15/turn                (no ring)

@: berserking (expiring), wreathed by umbra, very quick
A: powered by pain 2, demonic touch 2
a: Renounce Religion, Shadow Step


You were in the Dungeon.
You worshipped Dithmenos.
Dithmenos was greatly pleased with you.
You visited 1 branch

Inventory:

Hand Weapons
 a - a +0 war axe (weapon)
Armour
 c - a +0 buckler (worn)
 d - a +2 plate armour (worn)
Scrolls
 j - a scroll of blinking
Potions
 e - 2 potions of curing
 f - 2 potions of heal wounds
 g - a potion of haste
 h - 4 potions of magic
 k - 2 potions of invisibility


   Skills:
 + Level 7.4 Fighting
 + Level 6.3 Axes
 + Level 6.6 Armour
 + Level 6.8 Shields
 * Level 12.1 Invocations


You had 6 spell levels left.
You didn't know any spells.
Your spell library was empty.

Dungeon Overview and Level Annotations

Branches:
Dungeon (1/1)

Altars:
Ashenzari
Cheibriados
Dithmenos
Fedhas
Gozag
Hepliaklqana
Kikubaaqudgha
Makhleb
Nemelex Xobeh
Okawaru
Qazlal
Ru
Sif Muna
Trog
Uskayaw
Vehumet
Wu Jian
Xom
Yredelemnul
Jiyva
Lugonu


Innate Abilities, Weirdness & Mutations

You sometimes gain power by taking damage.
Your touch may inflict irresistible damage on your foes.


Message History

Your shadow hits the gargoyle but does no damage.
The manticore bites you!! You block the manticore's attack.
The manticore claws you but does no damage.
The gargoyle hits you but does no damage.
You slash the manticore!
The manticore is heavily wounded.
You hit the gargoyle but do no damage. You block the gargoyle's attack.
The manticore bites you!
The manticore claws you but does no damage. x2
You slash the manticore!
The manticore is severely wounded.
You hit the gargoyle but do no damage.
The manticore bites you but does no damage.
The manticore claws you but does no damage.
You block the manticore's attack.
The gargoyle hits you but does no damage.
You hit the manticore.
The manticore is severely wounded.
You hit the gargoyle.
The gargoyle hurls a stone arrow at you.
The stone arrow hits you but does no damage.
The manticore bites you!
* * * LOW HITPOINT WARNING * * *
The manticore claws you.
* * * LOW HITPOINT WARNING * * *
The manticore claws you!
* * * LOW HITPOINT WARNING * * *
You completely miss the manticore.
The manticore is severely wounded.
You hit the gargoyle. You completely miss the manticore.
The manticore is severely wounded.
You barely miss the gargoyle. The manticore bites you!
* * * LOW HITPOINT WARNING * * *
The manticore claws you but does no damage.
The manticore barely misses you. You block the gargoyle's attack.
The door flies open with a bang!
You rip and tear the barbed spikes from your body.
The gargoyle hits you with a +0 flail!
You die...

#.#..#..#.[##.......#
#.##'#..#'###...<...#
#.#...†....##.......#
#.#........##.......#
#'###########.......#
#)).....#).##########
#.......#)######
#...#...#)#....#
#..###..#)#...@#
#...#...#.'..9H'==))#
#.......#'#....#!!))#
#.......'.#....#!!))#
################ ####


You could see a manticore and a gargoyle.

Vanquished Creatures
  A polar bear (D)
  2 floating eyes (D)
  A phantom (D)
  A bullfrog (D)
  A scorpion (D)
  A gnoll sergeant (D)
  5 gnolls (D)
  2 worms (D)
  A ball python (D)
  A bat skeleton (D)
  A giant cockroach (D)
  A goblin (D)
  2 hobgoblins (D)
  A ball python skeleton (D)
  A bat (D)
  A frilled lizard (D)
23 creatures vanquished.

Notes
Turn   | Place    | Note
-------+----------+-------------------------------------------
     0 | D        | BigDaddyOpFi the Demonspawn Fighter began the quest for the
                  | Orb.
     0 | D        | Reached XP level 1. HP: 18/18 MP: 1/1
    21 | D        | Found a bloodstained altar of Trog.
    21 | D        | Found a shimmering blue altar of Sif Muna.
    21 | D        | Found a viscous altar of Jiyva.
    21 | D        | Found a hazy altar of Hepliaklqana.
    21 | D        | Found an opulent altar of Gozag.
    22 | D        | Found a basalt altar of Yredelemnul.
    22 | D        | Found a shimmering altar of Xom.
    22 | D        | Found an ornate altar of the Wu Jian Council.
    22 | D        | Found a sacrificial altar of Ru.
    22 | D        | Found a stormy altar of Qazlal.
    22 | D        | Found an iron altar of Okawaru.
    22 | D        | Found a sparkling altar of Nemelex Xobeh.
    22 | D        | Found a burning altar of Makhleb.
    22 | D        | Found a blossoming altar of Fedhas.
    22 | D        | Found a shadowy altar of Dithmenos.
    22 | D        | Found a snail-covered altar of Cheibriados.
    23 | D        | Found a radiant altar of Vehumet.
    23 | D        | Found a corrupted altar of Lugonu.
    24 | D        | Found an ancient bone altar of Kikubaaqudgha.
    24 | D        | Found a hide-covered altar of Uskayaw.
    24 | D        | Found a broken altar of Ashenzari.
    30 | D        | Became a worshipper of Dithmenos the Shadowed
    55 | D        | Noticed a scorpion
    61 | D        | Killed a scorpion
    62 | D        | Reached skill level 5 in Invocations
    62 | D        | Gained mutation: You sometimes gain a little power by
                  | taking damage. [demonic ancestry]
    62 | D        | Reached XP level 2. HP: 19/25 MP: 1/5
    62 | D        | Reached XP level 3. HP: 23/30 MP: 1/7
    66 | D        | Reached * piety under Dithmenos
    70 | D        | Gained mutation: Your touch may inflict minor irresistible
                  | damage on your foes. [demonic ancestry]
    70 | D        | Reached XP level 4. HP: 21/38 MP: 1/8
    75 | D        | Noticed a floating eye
    78 | D        | Reached ** piety under Dithmenos
    79 | D        | Paralysed by a floating eye for 4 turns
    84 | D        | Killed a floating eye
    85 | D        | Reached skill level 5 in Fighting
    85 | D        | Reached skill level 8 in Invocations
    85 | D        | Gained mutation: You sometimes gain power by taking damage.
                  | [demonic ancestry]
    85 | D        | Reached XP level 5. HP: 18/44 MP: 3/11
    87 | D        | Reached skill level 5 in Shields
   180 | D        | Noticed a floating eye
   182 | D        | Noticed a phantom
   183 | D        | Killed a floating eye
   183 | D        | Reached *** piety under Dithmenos
   184 | D        | Reached skill level 5 in Armour
   184 | D        | Reached skill level 9 in Invocations
   184 | D        | Gained mutation: Your touch may inflict irresistible damage
                  | on your foes. [demonic ancestry]
   184 | D        | Reached XP level 6. HP: 52/52 MP: 11/13
   191 | D        | Reached **** piety under Dithmenos
   192 | D        | Reached skill level 5 in Axes
   209 | D        | Reached skill level 10 in Invocations
   487 | D        | Noticed a polar bear
   501 | D        | Killed a polar bear
   502 | D        | Reached skill level 11 in Invocations
   502 | D        | Reached XP level 7. HP: 38/60 MP: 15/15
   835 | D        | Reached skill level 12 in Invocations
  1081 | D        | Noticed a manticore
  1081 | D        | Noticed a gargoyle
  1091 | D        | Slain by a gargoyle

Illustrated notes

Levels and vault maps discovered:
D:        pitsprint [storerooms_1, entrance_room_1, metal_vault_6, armoury_2,
          mini_pit_1, grid_room_1, main_hall_1, silver_pit, the_coven_3,
          the_vestibule_1, steel_vault_4, golden_pit, hallway_of_sentries,
          crystal_vault_1, iron_vault_2, final_vault]

Skill      XL: |  1  2  3  4  5  6  7 |
---------------+----------------------+-----
Axes           | 3 4 6 |  6.3
Fighting       | 4 5 7 |  7.4
Armour         | 3 4 5 6 |  6.6
Shields        | 3 4 5 6 |  6.8
Invocations    | 5 8 9 11 12 | 12.1

Action                     |  1- 3 |  4- 6 |  7- 9 || total
---------------------------+-------+-------+-------++-------
  Melee: War axe           |    11 |    56 |    24 ||    91
 Invoke: Shadow Step       |       |       |     2 ||     2
    Use: Potion            |     2 |     2 |     8 ||    12
 Armour: Scale mail        |     8 |     2 |       ||    10
         Plate armour      |       |    46 |    22 ||    68
  Dodge: Dodged            |     6 |    22 |     6 ||    34
  Block: Buckler           |     8 |    13 |    14 ||    35

Table legend: (Time is in decaauts)
 A = Elapsed time spent in this place.
 B = Non-inter-level travel time spent in this place.
 C = Inter-level travel time spent in this place.
 D = Time resting spent in this place.
 E = Time spent auto-exploring this place.
 F = Levels seen in this place.
 G = Mean time per level.
                   A        B        C        D        E       F      G
               +--------+--------+--------+--------+--------+-----+--------+
         Total |   1132 |   1111 |     21 |    856 |      0 |   1 | 1132.0 |
       Dungeon |   1132 |   1111 |     21 |    856 |      0 |   1 | 1132.0 |
               +--------+--------+--------+--------+--------+-----+--------+

Top non-repeatable levels by time:
       D: 1132 daAuts
